 Dungeon Crawl Stone Soup version 0.17.1-3-g152610e (webtiles) character file.

228 GFox the Shield-Bearer (level 6, 0/55 HPs)
             Began as a Hill Orc Fighter on Mar 30, 2016.
             Succumbed to a kobold's poison
             ... on level 3 of the Dungeon.
             The game lasted 00:19:34 (2003 turns).

GFox the Shield-Bearer (Hill Orc Fighter)           Turns: 2003, Time: 00:19:34

Health: 0/55       AC: 14    Str: 21    XL:     6   Next: 2%
Magic:  6/6        EV:  4    Int:  8    God:
Gold:   122        SH: 10    Dex: 10    Spells: 0 memorised, 5 levels left

rFire  + . .     SeeInvis .     f - +7 dagger (venom)
rCold  + . .     Clarity  .     h - +0 plate armour
rNeg   . . .     SustAt   .     c - +0 shield
rPois  +         Gourm    .     (no helmet)
rElec  +         Spirit   .     (no cloak)
rCorr  +         Warding  .     j - +1 pair of gloves
rMut   .         Stasis   .     (no boots)
MR     .....                    (no amulet)
Stlth  ..........               (no ring)
                                (no ring)

@: lethally poisoned (0 -> -10), resistant, not resistant to hostile
enchantments, extremely unstealthy
A: no striking features
a: Convert to Beogh


You were on level 3 of the Dungeon.
You were not hungry.

You visited 1 branch of the dungeon, and saw 3 of its levels.

You collected 122 gold pieces.

Inventory:

Hand Weapons
 a - a +0 war axe
 f - a +7 dagger of venom (weapon)
Missiles
 m - 5 javelins (quivered)
Armour
 c - a +0 shield (worn)
 h - a +0 plate armour (worn)
 j - a +1 pair of gloves (worn)
Jewellery
 q - an uncursed ring of fire {unknown}
Scrolls
 k - a scroll of noise {unknown}
 l - 2 scrolls of remove curse
Potions
 d - a potion of might
Comestibles
 b - a meat ration
 e - 2 bread rations
 n - 2 fruits
 p - a beef jerky


   Skills:
 + Level 4.9 Fighting
 + Level 1.3 Short Blades
 + Level 3.0 Axes
 + Level 4.2 Armour
 + Level 1.0 Dodging
 + Level 5.0 Shields


You had 5 spell levels left.
You didn't know any spells.

Dungeon Overview and Level Annotations

Branches:
Dungeon (3/15)

Altars:
Qazlal
Trog
Zin


Message History

* * * LOW HITPOINT WARNING * * *
You feel sick.
The orc priest calls down the wrath of Beogh upon you.
Something smites you!
* * * LOW HITPOINT WARNING * * *
The kobold shoots a poisoned needle.
You block the poisoned needle.
* * * LOW HITPOINT WARNING * * *
You feel sick.
The kobold shoots a poisoned needle.
The poisoned needle hits you!
Drink which item? (? for menu, Esc to quit)
It was a potion of poison.
You feel slightly nauseous.
* * * LOW HITPOINT WARNING * * *
You feel sick.
Drink which item? (? for menu, Esc to quit)
Okay, then.
* * * LOW HITPOINT WARNING * * *
You feel sick.
The kobold shoots a poisoned needle.
The poisoned needle hits you!
You see here a poisoned needle.
You die...

...oo.).........#
....###o........#
S. #.Ko......#
#.........#
##.(.....##
##(....## #.#####
.... #(# ... #@#
#.. #.# #P. #.#
#P.##.# #P.#..#
#....## #P...#
##...# #...#


You could see an orc priest, an orc and a kobold.

Vanquished Creatures
  4 orc priests (D:3)
  4 adders (D:2)
  2 worms (D:2)
  3 giant geckos
  5 orcs (D:3)
  6 ball pythons (D:2)
  4 bats
  3 giant cockroaches
  5 hobgoblins
  4 giant newts
  11 goblins
  9 kobolds
  A quokka (D:3)
  5 rats
66 creatures vanquished.

Notes
Turn   | Place    | Note
--------------------------------------------------------------
     0 | D:1      | GFox the Hill Orc Fighter began the quest for the Orb.
     0 | D:1      | Reached XP level 1. HP: 19/19 MP: 1/1
   256 | D:1      | Reached XP level 2. HP: 21/27 MP: 2/2
   326 | D:1      | Reached skill level 4 in Fighting
   624 | D:1      | Reached XP level 3. HP: 33/33 MP: 3/3
   804 | D:2      | Found a glowing silver altar of Zin.
   936 | D:2      | Reached XP level 4. HP: 34/41 MP: 4/4
  1095 | D:2      | Found a bloodstained altar of Trog.
  1479 | D:3      | Found a stormy altar of Qazlal.
  1521 | D:3      | Reached skill level 1 in Dodging
  1521 | D:3      | Reached XP level 5. HP: 25/47 MP: 5/5
  1523 | D:3      | Reached skill level 1 in Short Blades
  1990 | D:3      | Reached skill level 5 in Shields
  1990 | D:3      | Reached XP level 6. HP: 28/55 MP: 6/6
  2002 | D:3      | HP: 1/55 [poisoned by a kobold]
  2003 | D:3      | Succumbed to a kobold's poison

Action                   |  1- 3 |  4- 6 || total
-------------------------+-------+-------++-------
Melee: Dagger            |    90 |    95 ||   185
       War axe           |     2 |       ||     2
  Use: Scroll            |       |     6 ||     6
       Potion            |       |     5 ||     5
  Eat: Chunk             |       |     3 ||     3
       Fruit             |       |     1 ||     1
